 Dungeon Crawl Stone Soup version 0.20-a0-901-g27f6fa8 (webtiles) character file.

422 HAL9000 the Cudgeler (level 6, -6/62 HPs)
             Began as an Ogre Berserker on Mar 19, 2017.
             Was a Believer of Trog.
             Mangled by an ogre
             ... wielding a +0 giant spiked club
              (19 damage)
             ... on level 4 of the Dungeon.
             The game lasted 00:09:07 (5585 turns).

HAL9000 the Cudgeler (Ogre Berserker)               Turns: 5585, Time: 00:09:09

Health: -6/62      AC:  3    Str: 23    XL:     6   Next: 95%
Magic:  6/6        EV: 10    Int:  8    God:    Trog [**....]
Gold:   192        SH:  0    Dex:  9    Spells: 5/5 levels left

rFire    . . .     SeeInvis .   D - +0 giant spiked club
rCold    . . .     Gourm    .   b - +0 animal skin
rNeg     . . .     Faith    .   (shield currently unavailable)
rPois    .         Spirit   .   (helmet restricted)
rElec    .         Reflect  .   (no cloak)
rCorr    .         Harm     .   (gloves unavailable)
MR       .....                  (boots unavailable)
Stlth    +.........             (no amulet)
Regen    0.2/turn               (no ring)
MPRegen  0.1/turn               (no ring)

@: no status effects
A: unfitting armour, tough skin 1
a: Berserk, Trog's Hand, Burn Spellbooks, Renounce Religion


You were on level 4 of the Dungeon.
You worshipped Trog.
Trog was pleased with you.
You were hungry.

You visited 1 branch of the dungeon, and saw 4 of its levels.

You collected 192 gold pieces.

Inventory:

Hand Weapons
 D - a +0 giant spiked club (weapon)
 H - a +0 flail
Armour
 b - a +0 animal skin (worn)
 z - a +0 shield
Wands
 w - a wand of acid (7/15)
 I - a wand of acid (5/15)
Scrolls
 e - a scroll of immolation {unknown}
 h - a scroll of magic mapping {unknown}
 i - a scroll of fear {unknown}
 k - 2 scrolls of remove curse {unknown}
 n - a scroll of amnesia {unknown}
 q - a scroll of random uselessness {unknown}
 x - 2 scrolls of blinking {unknown}
 A - a scroll of teleportation {unknown}
Potions
 m - a potion of haste {unknown}
 p - a potion of berserk rage
 r - a potion of cancellation
 t - a potion of lignification
 F - a potion of might
Books
 u - a book of Misfortune

   Spells                             Type                      Level
   a - Confusing Touch                Hexes                        1
   b - Confuse                        Hexes                        3
   c - Gell's Gravitas                Translocation                3
   d - Petrify                        Transmutation/Earth          4
   e - Metabolic Englaciation         Hexes/Ice                    5
   f - Yara's Violent Unravelling     Hexes/Transmutation          5
   Trog disapproves of the use of such an item.
 y - a book of Minor Magic

   Spells                             Type                      Level
   a - Magic Dart                     Conjuration                  1
   b - Blink                          Translocation                2
   c - Call Imp                       Summoning                    2
   d - Slow                           Hexes                        2
   e - Conjure Flame                  Conjuration/Fire             3
   f - Mephitic Cloud                 Conjuration/Poison/Air       3
   Trog disapproves of the use of such an item.
Comestibles
 c - 3 bread rations
 B - 16 fruits


   Skills:
 - Level 4.0 Fighting
 + Level 6.8 Maces & Flails
 - Level 2.6 Dodging
 - Level 1.0 Shields


You had 5 spell levels left.
You didn't know any spells.

Dungeon Overview and Level Annotations

Branches:
Dungeon (4/15)
 Temple: D:4-7

Altars:
Fedhas
Hepliaklqana
Okawaru


Innate Abilities, Weirdness & Mutations

You are too large for most types of armour.
You have tough skin. (AC +1)


Message History

An ogre comes into view. It is wielding a giant spiked club.
An ogre is nearby!
The ogre closely misses you.
You bludgeon the ogre!!
The ogre is almost dead.
The ogre closely misses you.
You barely miss the ogre.
The ogre is almost dead.
The ogre hits you with a giant spiked club!!
You hit the ogre but do no damage.
The ogre is almost dead.
The ogre hits you with a giant spiked club!!
* * * LOW HITPOINT WARNING * * *
You barely miss the ogre.
The ogre is almost dead.
The ogre closely misses you.
You barely miss the ogre.
The ogre is almost dead.
The ogre hits you with a giant spiked club!!
You die...

####### #.....#
### #....#####
... #O...#...# #
#.##@...#.≈.# #.
#.......#.≈.#
#.#####.....#.≈.#
##
...#...##..#.≈.#
#. #.#.###
..#...########.
#...#
..##'##........
##.##
###....######.
#.# ###### #.
#####.# ##


You could see an ogre.

Vanquished Creatures
  An ogre (D:4)
  A crimson imp (D:3)
  A hound (D:4)
  An orc priest (D:4)
  An iguana (D:4)
  A hound skeleton (D:4)
  A worker ant zombie (D:4)
  7 adders
  An ooze (D:2)
  An adder skeleton (D:4)
  7 worms
  4 dart slugs
  2 leopard geckos
  10 orcs
  5 bats
  2 giant cockroaches
  5 goblins
  13 hobgoblins
  7 jackals
  A quokka (D:4)
  4 frilled lizards
  5 kobolds
  4 rats
85 creatures vanquished.

Notes
Turn   | Place    | Note
-------+----------+-------------------------------------------
     0 | D:1      | HAL9000 the Ogre Berserker began the quest for the Orb.
     0 | D:1      | Reached XP level 1. HP: 24/24 MP: 1/1
   142 | D:1      | Reached skill level 3 in Maces & Flails
   241 | D:1      | Reached XP level 2. HP: 26/32 MP: 2/2
   462 | D:1      | Reached XP level 3. HP: 32/39 MP: 3/3
  1183 | D:2      | Reached skill level 4 in Maces & Flails
  1383 | D:2      | Reached ** piety under Trog
  1384 | D:2      | Reached XP level 4. HP: 48/48 MP: 4/4
  1773 | D:2      | Found an iron altar of Okawaru.
  2216 | D:2      | Found a hazy altar of Hepliaklqana.
  2807 | D:3      | Reached skill level 5 in Maces & Flails
  2807 | D:3      | Reached XP level 5. HP: 43/54 MP: 5/5
  3593 | D:3      | Found a blossoming altar of Fedhas.
  4139 | D:4      | Noticed an ogre
  4149 | D:4      | Killed an ogre
  4149 | D:4      | Reached skill level 6 in Maces & Flails
  4149 | D:4      | Reached skill level 1 in Shields
  4149 | D:4      | Reached XP level 6. HP: 39/62 MP: 6/6
  5585 | D:4      | Mangled by an ogre

Vault maps used:
D:1:      shiori_arrival_elements, minivault_27
D:2:      lemuel_doored_altar, okawaru_trees_1
D:3:      lemuel_coloured_pillars_altar
D:4:      dk_vineyard_2

Skill      XL: |  1  2  3  4  5 |
---------------+----------------+-----
Maces & Flails | 3 4 5 6 |  6.8
Shields        | 1 |  1.0
Fighting       | |  4.0
Dodging        | |  2.6

Action                   |  1- 3 |  4- 6 || total
-------------------------+-------+-------++-------
Melee: Mace              |   101 |   189 ||   290
       Giant spiked club |       |    61 ||    61
Invok: Berserk           |     3 |     5 ||     8
  Use: Scroll            |       |     6 ||     6
       Potion            |       |     1 ||     1
  Eat: Chunk             |     4 |    18 ||    22
Armor: Animal skin       |    27 |    48 ||    75
Dodge: Dodged            |    68 |   143 ||   211
Block: Shield            |       |     8 ||     8
